 Dungeon Crawl Stone Soup version 0.29.1-15-g9cfb28693d (webtiles) character file.

Game seed: 770396945026474479

3605 BuddhaDhamma the Severer (level 9, 0/70 HPs)
             Began as a Minotaur Berserker on Mar 9, 2023.
             Was an Elder of Trog.
             Killed from afar by Dowan (7 damage)
             ... with a shard of ice
             ... on level 7 of the Dungeon.
             The game lasted 00:15:06 (7176 turns).

BuddhaDhamma the Severer (Minotaur Berserker)       Turns: 7176, Time: 00:15:06

Health: 0/70       AC: 19    Str: 25    XL:     9   Next: 86%
Magic:  8/8        EV:  5    Int:  4    God:    Trog [****..]
Gold:   576        SH:  9    Dex: 11    Spells: 8/8 levels left

rFire   x . .      SeeInvis .   o - +0 war axe (drain)
rCold   + + .      Faith    .   G - +0 tower shield
rNeg    . . .      Spirit   .   q - +1 ice dragon scales
rPois   +          Reflect  .   (helmet restricted)
rElec   .          Harm     .   x - +1 cloak
rCorr   .          Rampage  .   (no gloves)
Will    .....                   c - +1 pair of boots
Stlth   ..........              (no amulet)
HPRegen 0.21/turn               r - ring of poison resistance
MPRegen 0.11/turn               t - +4 ring of protection

@: on berserk cooldown, slowed, very slow
A: horns 2, retaliatory headbutt
a: Renounce Religion, Berserk, Trog's Hand, Brothers in Arms


You were on level 7 of the Dungeon.
You worshipped Trog.
Trog was greatly pleased with you.
You visited 1 branch of the dungeon, and saw 7 of its levels.
You also visited: Sewer.

You collected 576 gold pieces.

Inventory:

Hand Weapons
 o - a +0 war axe of draining (weapon)
 J - a +4 battleaxe
Missiles
 f - 9 datura-tipped darts (quivered)
 h - 2 throwing nets
Armour
 c - a +1 pair of boots (worn)
 q - +1 ice dragon scales (worn)
 x - a +1 cloak (worn)
 G - a +0 tower shield (worn)
Jewellery
 r - a ring of poison resistance (left hand)
 s - a ring of see invisible
 t - a +4 ring of protection (right hand)
 A - a +4 ring of evasion
 D - a ring of fire
 E - a ring of ice
Wands
 a - a wand of flame (18)
 g - a wand of roots (2)
 n - a wand of mindburst (32)
 y - a wand of digging (4)
Scrolls
 e - 2 scrolls of teleportation
 k - a scroll of fear
 l - 2 scrolls of butterflies
 z - a scroll of blinking
 C - a scroll of silence
 F - 3 scrolls of identify
Potions
 b - 2 potions of attraction
 d - a potion of resistance
 i - a potion of invisibility
 j - 2 potions of berserk rage
 m - a potion of heal wounds
 p - a potion of might
 u - 4 potions of curing
 v - 3 potions of haste
 w - a potion of mutation
 B - 2 potions of cancellation {unknown}
 H - a potion of degeneration {unknown}
 I - a potion of ambrosia


   Skills:
 - Level 3.6 Fighting
 + Level 16.8 Axes
 - Level 2.4 Armour
 - Level 2.1 Dodging


You had 8 spell levels left.
You didn't know any spells.
Your spell library was empty.

Dungeon Overview and Level Annotations

Branches:
Dungeon (7/15)             Temple (0/1) D:5           Sewer (visited)

Altars:
Cheibriados
Hepliaklqana
Kikubaaqudgha
Trog
Zin
The Shining One

Shops:
D:1 *(

Annotations:
D:6 2 transporters, yourfavgirlally's ghost, novice OpBr
D:7 Dowan


Innate Abilities, Weirdness & Mutations

You have a pair of horns on your head.
You reflexively headbutt those who attack you in melee.


Message History

Duvessa is moderately wounded.
You block Duvessa's attack.
A red film seems to cover your vision as you go berserk!
You feel yourself moving faster!
You feel mighty! You block Duvessa's attack.
You closely miss Duvessa. You headbutt Duvessa!
Duvessa is severely wounded.
You slash Dowan! Dowan barely misses you. Duvessa hits you but does no damage.
You slash Duvessa!
You kill Duvessa!
Trog accepts your kill.
Dowan's eyes darken. "You have made a black mistake."
Dowan seems to find hidden reserves of power!
You closely miss Dowan. Dowan gestures at you while chanting.
You block the stone arrow.
Your life force feels restored.
Dowan hits you but does no damage.
Things that are here:
a +0 short sword; a +0 leather armour; the elf corpse of Duvessa You feel a strong urge to attack something.
You block Dowan's attack. You block Dowan's attack.
You feel your anger nearly subside.
You are no longer berserk.
You are exhausted.
You feel yourself slow down. Dowan hits you but does no damage.
Dowan casts a spell at you. The shard of ice hits you! You partially resist.
* * * LOW HITPOINT WARNING * * *
You block Dowan's attack.
You hit Dowan but do no damage. You drain Dowan.
Dowan is severely wounded.
Dowan hits you with a +0 dagger.
* * * LOW HITPOINT WARNING * * *
Dowan hits you but does no damage.
You closely miss Dowan.
Dowan is severely wounded.
Dowan hits you but does no damage. Dowan gestures at you while chanting.
The shard of ice hits you! You partially resist.
You die...

.....######....##
..........††#...#
............#...#
............'...#
............########
....#+##...........# .
#..#[)..)......#
#.)'.).........#. #....
#@e#...........#.. #....
#..#...........#.. .. +.....
#..#...........#.♣ ..##.....
####............~♣ #.......#
##########....♣~ #.......#
#........#...♣~P
#.......#####.......)#...~~♣
#....................#...~~~
#........####^####...#...~P~


You could see Dowan (fast, very drained).

Vanquished Creatures
  Pikel (D:5)
  Eustachio (D:4)
  Edmund (D:4)
  Duvessa (D:7)
  5 water moccasins
  An ice beast (D:6)
  An orc warrior (D:7)
  A black bear (D:5)
  A centaur (D:7)
  3 lemures (D:5)
  A phantom (D:4)
  2 kobold brigands
  A necrophage (D:6)
  3 scorpions
  7 wights
  6 killer bees (D:7)
  3 electric eels (D:7)
  2 hounds
  3 orc priests
  Crazy Yiuf (D:4)
  Jessica (D:3)
  2 iguanas
  4 orc wizards
  Robin (D:4)
  8 gnolls (D:5)
  11 adders
  2 ufetubi (D:5)
  A worm (D:3)
  A dart slug (D:2)
  23 orcs
  7 endoplasms
  5 giant cockroaches
  11 goblins
  7 hobgoblins
  7 quokkas
  8 ball pythons
  14 bats
  4 frilled lizards
  18 kobolds
  8 rats
188 creatures vanquished.

Vanquished Creatures (collateral kills)
  An adder (D:4)
1 creature vanquished.

Vanquished Creatures (others)
  11 plants
11 creatures vanquished.

Grand Total: 200 creatures vanquished

Notes
Turn   | Place    | Note
-------+----------+-------------------------------------------
     0 | D:1      | BuddhaDhamma the Minotaur Berserker began the quest for the
                  | Orb.
     0 | D:1      | Reached XP level 1. HP: 19/19 MP: 0/0
   150 | D:1      | Reached skill level 4 in Axes
   207 | D:1      | Found a faded altar of an unknown god.
   223 | D:1      | Found Oraiguk's Assorted Antiques.
   324 | D:1      | Reached XP level 2. HP: 26/26 MP: 1/1
   754 | D:1      | Reached ** piety under Trog
   863 | D:1      | Found Heryzul's Weapon Shop.
   993 | D:2      | Reached skill level 5 in Axes
  1025 | D:2      | Reached XP level 3. HP: 31/31 MP: 2/2
  1332 | D:2      | Reached skill level 6 in Axes
  1332 | D:2      | Reached XP level 4. HP: 39/39 MP: 3/3
  1913 | D:3      | Found a glowing golden altar of the Shining One.
  1982 | D:3      | Noticed Jessica
  1985 | D:3      | Killed Jessica
  2056 | D:3      | Reached XP level 5. HP: 45/45 MP: 4/4
  2146 | D:3      | Reached skill level 7 in Axes
  2640 | D:4      | Noticed Robin
  2642 | D:4      | Reached *** piety under Trog
  2649 | D:4      | Killed Robin
  2728 | D:4      | Found a glowing silver altar of Zin.
  2770 | D:4      | Noticed Edmund
  2780 | D:4      | Killed Edmund
  2781 | D:4      | Reached skill level 8 in Axes
  2781 | D:4      | Reached XP level 6. HP: 51/51 MP: 5/5
  2868 | D:4      | Found a snail-covered altar of Cheibriados.
  2963 | D:4      | Reached skill level 9 in Axes
  3004 | D:4      | Noticed Eustachio
  3015 | D:4      | Killed Eustachio
  3016 | D:4      | Reached XP level 7. HP: 54/57 MP: 6/6
  3179 | D:4      | Found a runed translucent door.
  3180 | D:4      | Noticed Crazy Yiuf
  3185 | D:4      | Killed Crazy Yiuf
  3590 | D:5      | Entered Level 5 of the Dungeon
  3596 | D:5      | Reached skill level 10 in Axes
  3600 | D:5      | Found a glowing drain.
  3739 | Sewer    | Entered a sewer
  3826 | Sewer    | Reached skill level 11 in Axes
  3918 | D:5      | Noticed Pikel
  3943 | D:5      | Killed Pikel
  3944 | D:5      | Reached skill level 12 in Axes
  3944 | D:5      | Reached XP level 8. HP: 24/64 MP: 7/7
  3949 | D:5      | Reached **** piety under Trog
  3957 | D:5      | Reached skill level 13 in Axes
  4495 | D:5      | Found a staircase to the Ecumenical Temple.
  4763 | D:5      | Found a hazy altar of Hepliaklqana.
  4960 | D:6      | Reached skill level 14 in Axes
  5092 | D:6      | Reached XP level 9. HP: 69/69 MP: 8/8
  5275 | D:6      | Found a transporter.
  5275 | D:6      | Noticed yourfavgirlally's ghost (novice OpBr)
  5280 | D:6      | Found a transporter.
  5661 | D:6      | Found a bloodstained altar of Trog.
  5952 | D:7      | Reached skill level 15 in Axes
  6818 | D:7      | Found an ancient bone altar of Kikubaaqudgha.
  7002 | D:7      | Reached skill level 16 in Axes
  7164 | D:7      | Noticed Duvessa
  7165 | D:7      | Noticed Dowan
  7169 | D:7      | Killed Duvessa
  7176 | D:7      | Killed from afar by Dowan

Illustrated notes

Levels and vault maps discovered:
D:1:      zaba_arrival_water, layout_loops_ring, basic_ecumenical_altar,
          serial_shops, nicolae_shop_bloodbath_and_beyond,
          nicolae_shop_hallway_stairs
D:2:      layout_rooms
D:3:      layout_loops_ring, mainiacjoe_overflow_24_doors,
          minmay_shallow_snake_nest, uniq_jessica
D:4:      layout_basic, marbit_many_paths, mainiacjoe_overflow_paths,
          uniq_crazy_yiuf_cottage, uniq_edmund, uniq_eustachio, uniq_robin
D:5:      layout_cave_pools, lemuel_doored_altar, minmay_temple_entry_tees,
          portal_sewer_entry_d, kennysheep_generic_room_12, uniq_pikel
D:6:      layout_loops_corners, kennysheep_mini, gammafunk_ghost_hive
D:7:      layout_gridville, lemuel_tele_altar, serial_bayou_lake_a, uniq_duvessa

Skill      XL: |  1  2  3  4  5  6  7  8  9 |
---------------+----------------------------+-----
Axes           | 4 5 6 8 9 12 14 16 | 16.8
Fighting       | |  3.6
Armour         | |  2.4
Dodging        | |  2.1

Action                   |  1- 3 |  4- 6 |  7- 9 || total
-------------------------+-------+-------+-------++-------
Melee: Hand axe          |    54 |    88 |       ||   142
       Headbutt          |     4 |    11 |    34 ||    49
       Punch             |       |     2 |     1 ||     3
       War axe           |       |    16 |   215 ||   231
Throw: Dart              |     3 |     1 |       ||     4
Invok: Berserk           |     1 |     3 |     4 ||     8
Evoke: Wand              |       |       |     5 ||     5
  Use: Scroll            |       |    13 |     8 ||    21
Armor: Animal skin       |     5 |       |       ||     5
       Leather armour    |     6 |       |       ||     6
       Ice dragon scales |     2 |    35 |   192 ||   229
Dodge: Dodged            |    37 |    45 |   144 ||   226
Block: Tower shield      |       |       |    54 ||    54
